 Dungeon Crawl Stone Soup version 0.17-a0-1403-g9df874c (webtiles) character file.

29353 urechis the Impaler (level 13, -7/108 HPs)
             Began as a Merfolk Gladiator on June 20, 2015.
             Was a Priest of Yredelemnul.
             Killed from afar by a fire drake (29 damage)
             ... with a blast of flame
             ... on level 5 of the Lair of Beasts.
             The game lasted 01:06:14 (17971 turns).

urechis the Impaler (Merfolk Gladiator)            Turns: 17971, Time: 01:06:14

Health: -7/108     AC: 10    Str: 17    XL:     13   Next: 44%
Magic:  30/31      EV: 23    Int:  7    God:    Yredelemnul [***...]
Gold:   1051       SH:  8    Dex: 22    Spells: 0 memorised, 12 levels left

rFire  . . .     SeeInvis .     n - +2 demon trident of Mom Terph {flame, rElec MR- MP+9 Stlth-}
rCold  . . .     Clarity  .     b - +0 leather armour
rNeg   + . .     SustAt   .     k - +2 buckler
rPois  .         Gourm    +     c - +0 helmet
rElec  +         Spirit   .     (no cloak)
rCorr  .         Warding  .     K - +2 pair of gloves
rMut   .         Rnd*Tele +     C - +2 pair of boots
MR     .....                    j - amulet of the gourmand
Stlth  +.........               (no ring)
                                P - ring "Nearghapn" {+/*Tele rElec rN+ Dex+4}

@: about to teleport, not resistant to hostile enchantments, very unstealthy
A: change form in water, swift swim
a: Animate Dead, Recall Undead Slaves, Injury Mirror, Renounce Religion, Evoke
Teleportation


You were on level 5 of the Lair of Beasts.
You worshipped Yredelemnul.
Yredelemnul was most pleased with you.
You were not hungry.

You visited 3 branches of the dungeon, and saw 18 of its levels.

You collected 1051 gold pieces.

Inventory:

Hand weapons
 n - the +2 demon trident of Mom Terph (weapon) {flame, rElec MR- MP+9 Stlth-}
   (You acquired it on level 5 of the Lair of Beasts)

   It has been specially enchanted to burn those struck by it, causing extra
   injury to most foes and up to half again as much damage against particularly
   susceptible opponents.
   It insulates you from electricity.
   It affects your resistance to hostile enchantments.
   It affects your magic capacity (+9).
   It makes you less stealthy.
 B - a +4 vampiric trident
Missiles
 e - 3 throwing nets (quivered)
Armour
 b - a +0 leather armour (worn)
 c - a +0 helmet (worn)
 k - a +2 buckler (worn)
 C - a +2 pair of boots (worn)
 K - a +2 pair of gloves (worn)
Jewellery
 j - an amulet of the gourmand (around neck)
 m - an uncursed amulet of resist corrosion
 P - the ring "Nearghapn" (left hand) {+/*Tele rElec rN+ Dex+4}
   (You found it on level 3 of the Lair of Beasts)

   [ring of teleportation]

   It may teleport you to nearby monsters, and can be evoked to randomly
   teleport.
   It affects your dexterity (+4).
   It insulates you from electricity.
   It protects you from negative energy.
Scrolls
 f - 9 scrolls of remove curse
 g - 5 scrolls of immolation
 s - a scroll of enchant weapon
 v - 3 scrolls of recharging
 w - 3 scrolls of blinking
 D - 4 scrolls of teleportation
 E - 4 scrolls of fog
 G - a scroll of fear
 O - a scroll of magic mapping
Potions
 a - 3 potions of lignification {unknown}
 i - 2 potions of mutation {unknown}
 l - a potion of magic {unknown}
 o - 7 potions of curing
 p - 2 potions of heal wounds
 r - a potion of might {unknown}
 t - a potion of experience {unknown}
 u - 2 potions of flight {unknown}
 z - 3 potions of brilliance {unknown}
 A - a potion of haste {unknown}
 H - 3 potions of berserk rage {unknown}
 J - a potion of ambrosia {unknown}
 M - 2 potions of invisibility {unknown}
Comestibles
 d - 12 bread rations
 h - 28 fruits
 q - 5 slices of pizza
 x - 4 meat rations
 F - 11 royal jellies
 L - 7 beef jerkies


   Skills:
 * Level 12.2 Fighting
 - Level 16.4 Polearms
 - Level 2.0 Throwing
 - Level 0.9 Armour
 + Level 12.1 Dodging
 - Level 4.5 Shields
 - Level 12.6 Invocations


You had 12 spell levels left.
You didn't know any spells.

Dungeon Overview and Level Annotations

Branches:
Dungeon (12/15)            Temple (1/1) D:6            Lair (5/8) D:11
  Swamp (0/4) Lair:3        Snake (0/4) Lair:5          Orc (0/4) D:10

Altars:
Ashenzari
Cheibriados
Dithmenos
Elyvilon
Fedhas
Gozag
Kikubaaqudgha
Makhleb
Nemelex Xobeh
Okawaru
Qazlal
Ru
Sif Muna
Trog
Vehumet
Xom
Yredelemnul
Zin
The Shining One


Message History

The fire drake breathes flames at you. The blast of flame hits you!
* * * LOW HITPOINT WARNING * * *
Your fire drake zombie misses the fire drake.
You closely miss the fire drake.
The wyvern bites you but does no damage.
You block the fire drake's attack.
Read which item? (? for menu, Esc to quit)
As you read the scroll of teleportation, it crumbles to dust.
You feel strangely unstable.
Your fire drake zombie bites the fire drake.
You block the wyvern's attack. The hippogriff bites you.
* * * LOW HITPOINT WARNING * * *
The hippogriff misses you. The hippogriff completely misses you.
The fire drake misses you. The fire drake breathes flames at you.
The blast of flame hits the fire drake.
The fire drake resists.
The blast of flame hits you!
You die...
Your body rises from the dead as a mindless zombie.

##..#### #P...............
#...#.P# #................
#.....#* ##............##..
##...## ##......P.P.....##.
###..###.......#####....#.
##........#### #...###
#.......P## #.....#
#........#*** ***#####..
##....#@##*,##*,,.,,##..
#....lkH#*#.##H..,,#...
###.....kl##.H..k..,,#...
###....P##Z.l..lk#,,,,,#...
#......###..kH...#,,,,,#...
##...### ##....PP#,,,,,#...
#.#.## ###...##,,,,,#...
##.## #..P.#***###... #...#
### #....#####.....


You could see a manticore, a hippogriff, 2 basilisks, 3 fire drakes, a wyvern
and a friendly fire drake zombie.

Vanquished Creatures
  Josephine (D:11)
  2 hydras
  A tengu warrior (D:12)
  An ugly thing (D:11)
  A griffon (Lair:5)
  2 guardian serpents (D:9)
  5 spiny frogs
  A gargoyle (D:12)
  A centaur skeleton (D:12)
  A kobold demonologist (D:12)
  A tengu conjurer (D:12)
  3 fire drakes (Lair:5)
  A two-headed ogre (D:11)
  Prince Ribbit (D:7)
  A wyvern (Lair:5)
  A boulder beetle (Lair:5)
  4 blink frogs (Lair:2)
  A shadow (D:12)
  38 yaks
  5 basilisks
  4 wraiths (D:11)
  A hungry ghost (D:9)
  A mottled dragon (D:12)
  6 hippogriffs
  Menkaure (D:5)
  A redback simulacrum (D:12)
  3 wolves (Lair:2)
  A naga (Lair:5)
  6 orc warriors
  5 porcupines
  3 water moccasins
  7 ogres
  6 ice beasts
  2 swamp drakes
  A sky beast (D:8)
  3 black bears
  A necrophage (D:10)
  5 phantoms
  3 centaurs
  The ghost of urechis the Poker, an average MfGl (D:3)
  10 giant frogs
  6 crocodiles
  2 gnoll sergeants
  3 big kobolds
  A wyvern zombie (D:10)
  A scorpion (D:10)
  7 killer bees
  4 wights (D:11)
  5 crimson imps
  3 centaur zombies
  5 jellies
  A quasit (D:12)
  A giant frog zombie (D:6)
  10 hounds
  11 orc wizards
  2 giant frog skeletons
  4 orc priests
  8 iguanas
  9 worker ants
  7 adders
  9 gnolls
  32 river rats
  5 oozes (D:9)
  An adder skeleton (D:4)
  A worm (D:4)
  11 giant geckos
  31 orcs
  A bat zombie (D:6)
  4 giant cockroaches
  8 goblins
  11 hobgoblins
  18 jackals
  8 quokkas
  A ball python (D:4)
  17 bats
  10 giant newts
  29 kobolds
  A quokka zombie (D:6)
  15 rats
446 creatures vanquished.

Vanquished Creatures (collateral kills)
  Fannar (Lair:1)
  A cyclops (D:11)
  A griffon (Lair:5)
  A black mamba (Lair:2)
  A spiny frog (Lair:4)
  A troll (D:11)
  4 blink frogs (Lair:3)
  8 yaks
  A wolf (Lair:2)
  A basilisk (D:11)
  A porcupine (D:11)
  3 water moccasins
  2 killer bees (D:10)
  An ogre (D:10)
  A phantom (D:11)
  A crocodile (Lair:2)
  2 giant frogs
  A wight (D:11)
  An iguana (Lair:3)
  11 river rats
  An orc (D:10)
  A quokka (D:11)
  A plant (Lair:5)
47 creatures vanquished.

Vanquished Creatures (others)
  A spiny frog zombie (Lair:5)
  2 hippogriff zombies
  6 yak zombies (D:11)
  A boulder beetle zombie (Lair:5)
  2 yak skeletons (D:10)
  A wolf zombie (Lair:2)
  3 basilisk zombies
  A kobold zombie (D:12)
  A giant frog zombie (Lair:5)
  2 crocodile zombies
  An ogre zombie (D:11)
  3 mummies
  A worker ant zombie (D:12)
  An iguana zombie (Lair:2)
  2 river rat zombies (Lair:3)
  An orc zombie (D:12)
  A fungus (D:11)
  A plant (D:11)
31 creatures vanquished.

Grand Total: 524 creatures vanquished

Notes
Turn   | Place    | Note
--------------------------------------------------------------
     0 | D:1      | urechis the Merfolk Gladiator began the quest for the Orb.
     0 | D:1      | Reached XP level 1. HP: 16/16 MP: 1/1
   325 | D:1      | Reached skill level 5 in Polearms
   339 | D:1      | Reached XP level 2. HP: 20/22 MP: 2/2
   401 | D:1      | HP: 1/22 [giant gecko (2)]
   887 | D:1      | Reached XP level 3. HP: 27/27 MP: 3/3
   902 | D:1      | Reached skill level 6 in Polearms
  1397 | D:2      | Found a blossoming altar of Fedhas.
  1397 | D:2      | Found a white marble altar of Elyvilon.
  1398 | D:2      | Found an opulent altar of Gozag.
  1402 | D:2      | Found an iron altar of Okawaru.
  1402 | D:2      | Found a glowing golden altar of the Shining One.
  1602 | D:2      | Reached XP level 4. HP: 33/33 MP: 4/4
  1639 | D:2      | Reached skill level 7 in Polearms
  2048 | D:3      | Noticed urechis's ghost (average MfGl)
  2114 | D:4      | Noticed an ogre
  2124 | D:4      | Killed an ogre
  2124 | D:4      | Reached skill level 9 in Polearms
  2124 | D:4      | Reached XP level 5. HP: 18/38 MP: 5/5
  2331 | D:4      | Reached XP level 6. HP: 40/44 MP: 6/6
  2456 | D:4      | Reached skill level 10 in Polearms
  3057 | D:3      | Reached XP level 7. HP: 52/52 MP: 7/7
  3403 | D:3      | Killed urechis's ghost
  3647 | D:3      | Reached skill level 5 in Dodging
  3834 | D:5      | Entered Level 5 of the Dungeon
  4015 | D:5      | Noticed Menkaure
  4040 | D:5      | Killed Menkaure
  4040 | D:5      | Reached skill level 5 in Fighting
  4142 | D:5      | Reached XP level 8. HP: 46/64 MP: 8/8
  4738 | D:6      | Got a sheer robe
  4749 | D:6      | Identified the +2 robe "Wabeurr" {rPois rC- rN+} (You found it on level 6 of the Dungeon)
  4992 | D:6      | Found a stormy altar of Qazlal.
  5277 | D:6      | Reached XP level 9. HP: 67/75 MP: 9/9
  5364 | D:6      | Found a staircase to the Ecumenical Temple.
  5447 | Temple   | Entered the Ecumenical Temple
  5540 | Temple   | Became a worshipper of Yredelemnul the Dark
  5750 | D:7      | Noticed Prince Ribbit
  5786 | D:7      | Killed Prince Ribbit
  6151 | D:7      | Found a shadowy altar of Dithmenos.
  6191 | D:7      | Reached skill level 10 in Fighting
  6648 | D:8      | Acquired Yredelemnul's first power
  6671 | D:8      | Reached skill level 10 in Dodging
  6701 | D:8      | Found a shimmering altar of Xom.
  6900 | D:8      | Reached skill level 11 in Polearms
  7374 | D:9      | Reached XP level 10. HP: 57/85 MP: 10/10
  7535 | D:9      | Reached skill level 12 in Polearms
  7797 | D:9      | Noticed a guardian serpent
  7817 | D:9      | Killed a guardian serpent
  7817 | D:9      | Acquired Yredelemnul's second power
  7817 | D:9      | Reached skill level 13 in Polearms
  8031 | D:9      | Noticed a guardian serpent
  8047 | D:9      | Killed a guardian serpent
  8583 | D:10     | Entered Level 10 of the Dungeon
  8600 | D:10     | Reached skill level 14 in Polearms
  8912 | D:10     | Reached skill level 15 in Polearms
  9083 | D:10     | Reached skill level 16 in Polearms
  9148 | D:10     | Reached XP level 11. HP: 83/90 MP: 11/11
  9290 | D:10     | Reached skill level 1 in Invocations
  9657 | D:10     | Found a staircase to the Orcish Mines.
  9662 | D:10     | Reached skill level 5 in Invocations
  9841 | D:11     | Noticed Josephine
 10088 | D:11     | Killed Josephine
 10244 | D:11     | Found an opulent altar of Gozag.
 10372 | D:11     | Found a staircase to the Lair.
 10411 | D:11     | Acquired Yredelemnul's third power
 10807 | D:11     | Reached skill level 10 in Invocations
 11106 | D:11     | Reached XP level 12. HP: 32/97 MP: 19/19
 12634 | D:12     | Noticed a tengu warrior
 12642 | D:12     | Acquired Yredelemnul's fourth power
 12713 | D:12     | Killed a tengu warrior
 12898 | D:12     | HP: 3/97 [gargoyle/stone arrow (24)]
 13594 | Lair:1   | Entered Level 1 of the Lair of Beasts
 13602 | Lair:1   | Reached skill level 1 in Shields
 13800 | Lair:1   | Found a labyrinth entrance.
 13807 | Lair:1   | Noticed Fannar
 13865 | Lair:1   | Killed Fannar
 14507 | Lair:2   | Received a gift from Yredelemnul
 14575 | Lair:2   | Noticed a six-headed hydra
 14587 | Lair:2   | Killed a six-headed hydra
 15288 | Lair:3   | Got a shimmering tin ring
 15472 | Lair:3   | Noticed a six-headed hydra
 15488 | Lair:3   | Killed a six-headed hydra
 15488 | Lair:3   | Reached XP level 13. HP: 56/105 MP: 22/22
 15600 | Lair:3   | Found a staircase to the Swamp.
 15614 | Lair:3   | Received a gift from Yredelemnul
 15885 | Lair:3   | Received a gift from Yredelemnul
 16319 | Lair:4   | Identified the ring "Nearghapn" {+/*Tele rElec rN+ Dex+4} (You found it on level 3 of the Lair of Beasts)
 16407 | Lair:4   | Received a gift from Yredelemnul
 17195 | Lair:5   | Identified a scroll of acquirement
 17196 | Lair:5   | Got an ancient demon trident
 17197 | Lair:5   | Identified the +2 demon trident of Mom Terph {flame, rElec MR- MP+9 Stlth-} (You acquired it on level 5 of the Lair of Beasts)
 17211 | Lair:5   | Found a staircase to the Snake Pit.
 17971 | Lair:5   | Killed from afar by a fire drake

Vault maps used:
D:1:      ncdulo_halloftheorcs
D:2:      grunt_temple_overflow_open
D:3:      cheibrodos_gnoll_hut
D:4:      first_bread, glass_columns_b
D:5:      uniq_menkaure
D:6:      minmay_temple_entry_fiery, basic_altar
D:7:      nicolae_overflow_hidden_temple, uniq_prince_ribbit1
D:8:      lemuel_round_altar
D:9:      nrook_guardian_serpent_snake_passage, hangedman_little_slice_of_home
D:10:     erik_orc_1
D:11:     minmay_lair_entry_grove, basic_altar, uniq_josephine
Temple:   circular_temple_12
Lair:1:   lab_entry_generic, uniq_fannar
Lair:2:   grunt_megastairs_4
Lair:3:   minmay_swamp_entry_reptiles, lemuel_fruit_fields
Lair:4:   lemuel_fruit_tree, grunt_megastairs_1
Lair:5:   guppyfry_snake_entry_island, special_room

Action                   |  1- 3 |  4- 6 |  7- 9 | 10-12 | 13-15 || total
-------------------------+-------+-------+-------+-------+-------++-------
Melee: Trident           |   184 |   176 |   330 |  1218 |   240 ||  2148
       Halberd           |       |       |   142 |       |       ||   142
       Spear             |       |       |    47 |       |       ||    47
       Demon trident     |       |       |       |       |    55 ||    55
Throw: Throwing net      |       |       |     1 |       |       ||     1
Invok: Animate Remains   |       |       |       |     9 |       ||     9
       Injury Mirror     |       |       |       |     3 |     1 ||     4
       Animate Dead      |       |       |       |    24 |     9 ||    33
       Recall Undead Sla |       |       |       |     2 |     2 ||     4
  Use: Scroll            |       |       |    11 |     6 |    10 ||    27
       Potion            |       |       |       |     8 |     2 ||    10
 Stab: Sleeping          |     2 |     2 |     4 |     4 |     2 ||    14
       Distracted        |     1 |       |       |    11 |     1 ||    13
       Held in net/web   |       |       |     2 |       |       ||     2
  Eat: Chunk             |     6 |    13 |    20 |    28 |    13 ||    80
